 Dungeon Crawl Stone Soup version 0.30.1-11-g7821555f0a (webtiles) character file.

Game seed: 2642576015998752099

39 Azazsd the Trooper (level 3, -14/29 HPs)
             Began as a Demonspawn Chaos Knight on Nov 15, 2023.
             Was a Plaything of Xom.
             Demolished by a hog (shapeshifter) (15 damage)
             ... on level 2 of the Dungeon.
             The game lasted 00:00:59 (1268 turns).

Azazsd the Trooper (Demonspawn Chaos Knight)        Turns: 1268, Time: 00:00:59

Health: -14/29     AC:  7    Str: 14    XL:     3   Next: 28%
Magic:  3/3        EV: 11    Int: 13    God:    Xom [..*...]
Gold:   85         SH:  0    Dex: 12    Spells: 2/2 levels left

rFire   . . .        a - +0 hand axe (chaos)
rCold   . . .        (no shield)
rNeg    . . .        b - +2 leather armour
rPois   .            (no helmet)
rElec   .            (no cloak)
rCorr   .            (no gloves)
SInv    .            (no boots)
Will    +....        (no amulet)
Stlth   +            j - ring of willpower
HPRegen 0.24/turn    (no ring)
MPRegen 0.08/turn

%: no passive effects
@: lethally poisoned (-14 -> -16)
A: slimy green scales 1
a: Renounce Religion


You were on level 2 of the Dungeon.
You worshipped Xom.
You were a toy of Xom.
You visited 1 branch of the dungeon, and saw 2 of its levels.

You collected 85 gold pieces.

Inventory:

Hand Weapons
 a - a +0 hand axe of chaos (weapon)
Armour
 b - a +2 leather armour (worn)
Jewellery
 j - a ring of willpower (left hand)
Scrolls
 d - a scroll of teleportation {unknown}
 f - a scroll of magic mapping
 l - 3 scrolls of identify
 m - a scroll of enchant weapon {unknown}
Potions
 e - a potion of attraction {unknown}
 g - a potion of heal wounds {unknown}
 h - a potion of flight {unknown}
 i - a potion of degeneration {unknown}
 k - a potion of curing {unknown}
Miscellaneous
 c - a piece from Xom's chessboard (15/15) (quivered)


   Skills:
 + Level 3.4 Fighting
 + Level 3.0 Axes
 + Level 2.3 Armour
 + Level 1.5 Dodging


You had 2 spell levels left.
You didn't know any spells.
Your spell library contained the following spells:

 Spells                   Type           Power      Damage    Failure   Level
 Gell's Gravitas          Tloc           0%         N/A       75%         3
 Teleport Other           Tloc           0%         N/A       75%         3
 Dispersal                Tloc           0%         N/A       100%        6


Dungeon Overview and Level Annotations

Branches:
Dungeon (2/15)

Altars:


Innate Abilities, Weirdness & Mutations

You are partially covered in slimy green scales. (AC +2)


Message History

You hit the endoplasm.
The endoplasm changes into a shapeshifter!
You feel sick.
The shapeshifter changes into a hog!
The adder barely misses you. The adder closely misses you.
You hit the hog.
You feel better.
You punch the hog.
The hog is moderately wounded.
You miss the adder.
You feel sick.
Xom guffaws.
The adder easily resists.
The adder resists with almost no effort.
The hog resists with some effort.
The adder bites you. The hog bites you.
You hit the hog.
The hog suddenly seems more resistant.
The hog is moderately wounded.
You barely miss the adder.
You feel sick. The adder bites you but does no damage.
The hog barely misses you. The adder bites you.
Unknown command.
You hit the hog.
The hog is moderately wounded.
You closely miss the adder.
You feel sick.
You are no longer poisoned.
The hog bites you but does no damage. The adder bites you. The hog misses you.
Unknown command.
You hit the hog.
The hog is moderately wounded.
You closely miss the adder. The adder bites you but does no damage.
The hog misses you. The adder bites you.
You are poisoned.
The adder poisons you!
Unknown command.
You hit the hog.
The hog goes berserk!
Xom is highly amused!
The hog is heavily wounded.
You hit the adder but do no damage.
You feel sick. The hog bites you!
* * * LOW HITPOINT WARNING * * *
The hog completely misses you. The adder bites you but does no damage.
The hog bites you!
Ouch! That really hurt!
You die...
Xom thinks this is hilarious!

#### #.. #.#
###########.#
####....#......#####.#.<
...'....'......h@SS....$
####....#......####.....
#....#......# ...
#....#####..# . #....#
#.## ## #....# #.#
.########## #.#
..#.......###.######+#
#.........##..#......#


You could see a hog shaped shifter (berserk, resistant) and 2 adders.

Vanquished Creatures
  2 adders (D:2)
  A dart slug (D:2)
  3 endoplasms
  2 giant cockroaches
  A hobgoblin (D:1)
  4 ball pythons
  2 bats (D:1)
  A frilled lizard (D:2)
  4 kobolds
  A rat (D:1)
21 creatures vanquished.

Notes
Turn   | Place    | Note
-------+----------+-------------------------------------------
     0 | D:1      | Azazsd the Demonspawn Chaos Knight began the quest for the
                  | Orb.
     0 | D:1      | Reached XP level 1. HP: 18/18 MP: 1/1
   120 | D:1      | Reached skill level 1 in Dodging
   301 | D:1      | Gained mutation: You are partially covered in slimy green
                  | scales. (AC +2) [demonic ancestry]
   301 | D:1      | Reached XP level 2. HP: 24/24 MP: 2/2
   353 | D:1      | Found a faded altar of an unknown god.
   468 | D:1      | XOM: silly message
   772 | D:2      | XOM: silly message
   918 | D:2      | XOM: silly message
   961 | D:2      | Reached XP level 3. HP: 29/29 MP: 3/3
  1263 | D:2      | an endoplasm changed into a shapeshifter
  1263 | D:2      | Noticed a shapeshifter (shapeshifter)
  1263 | D:2      | a shapeshifter changed into a hog
  1263 | D:2      | Noticed a hog (shapeshifter)
  1264 | D:2      | XOM: cast spell 'Cause Fear'
  1268 | D:2      | HP: 1/29 [hog (shapeshifter) (13)]
  1268 | D:2      | Demolished by a hog (shapeshifter)

Illustrated notes

Levels and vault maps discovered:
D:1:      dpeg_arrival_central, layout_loops_ring,
          shapermc_ecumenical_altar_notcrosses
D:2:      layout_basic, grunt_ministairs_3, lightli_corner_chamber, uniq_jessica

Skill      XL: |  1  2 |
---------------+-------+-----
Dodging        | 1 |  1.5
Armour         | 2 |  2.3
Axes           | 3 |  3.0
Fighting       | |  3.4

Action                     || total
---------------------------++-------
  Melee: Hand axe          ||    60
         Punch             ||     1
    Use: Scroll            ||     1
 Armour: Leather armour    ||    27
  Dodge: Dodged            ||    34
